TOP OF THE 1ST |
---|
Portland Cards batting - Pitching for St. Louis Browns : LHP Luis Noriega | Pitching: LHP Luis Noriega | | Batting: RHB Dani Vázquez | 0-0: Ball 1-0: Ball 2-0: Ball 3-0: Base on Balls | Batting: RHB António Zúńiga | 0-0: Called Strike 0-1: Reached on error, E5 (Groundball, 56S) Dani Vázquez to second | Batting: LHB Jeff Daniels | 0-0: Called Strike 0-1: Grounds into double play, 6-4-3 (Groundball, 6) Dani Vázquez to third | Batting: LHB Troy Donaldson | 0-0: Foul Ball, location: 2F 0-1: Ball 1-1: Foul Ball, location: 2F 1-2: SINGLE (Line Drive, 34D) Dani Vázquez scores | Batting: RHB Eugene Gill | 0-0: Ball 1-0: Ball 2-0: Ball 3-0: Called Strike 3-1: Called Strike 3-2: Foul Ball, location: 2F 3-2: Strikes out looking | Top of the 1st over - 1 run, 1 hit, 1 error, 1 left on base; Portland 1 - St. Louis 0 | BOTTOM OF THE 1ST |
---|
St. Louis Browns batting - Pitching for Portland Cards : LHP Kip Manning | Pitching: LHP Kip Manning | | Batting: RHB José Flores | 0-0: Foul Ball, location: 2F 0-1: Swinging Strike 0-2: Ball 1-2: Strikes out swinging | Batting: RHB Carlos Alfaro | 0-0: Called Strike 0-1: Ball 1-1: Ball 2-1: Foul Ball, location: 2F 2-2: Fly out, F9 (Flyball, 9LS) | Batting: RHB Adrian Prouse | 0-0: Called Strike 0-1: Ball 1-1: SINGLE (Line Drive, 56D) | Batting: RHB Javier Martínez | 0-0: Called Strike 0-1: Ball 1-1: Foul Ball, location: 2F 1-2: Strikes out looking | Bottom of the 1st over - 0 runs, 1 hit, 0 errors, 1 left on base; Portland 1 - St. Louis 0 | TOP OF THE 2ND |
---|
Portland Cards batting - Pitching for St. Louis Browns : LHP Luis Noriega | Batting: RHB Aaron Scott | 0-0: Foul Ball, location: 2F 0-1: Ball 1-1: Swinging Strike 1-2: Ball 2-2: Strikes out swinging | Batting: LHB Chance Santry | 0-0: Ball 1-0: Fly out, F7 (Flyball, 78D) | Batting: RHB Mario Méndez | 0-0: Ball 1-0: Called Strike 1-1: Foul Ball, location: 2F 1-2: Ball 2-2: Strikes out swinging | Top of the 2nd over - 0 runs, 0 hits, 0 errors, 0 left on base; Portland 1 - St. Louis 0 | BOTTOM OF THE 2ND |
---|
St. Louis Browns batting - Pitching for Portland Cards : LHP Kip Manning | Batting: LHB Junior Coates | 0-0: Ball 1-0: Foul Ball, location: 2F 1-1: SINGLE (Flyball, 9LS) | Batting: RHB António Venecia | 0-0: Ball 1-0: Called Strike 1-1: Swinging Strike 1-2: Strikes out looking | Batting: LHB Mike Hill | 0-0: Foul Ball, location: 2F 0-1: Ball 1-1: 2-RUN HOME RUN (Flyball, 9LD), Distance : 349 ft | Batting: RHB Anthony Rucker | 0-0: Ball 1-0: SINGLE (Flyball, 78M) | Batting: RHB Manuel Alonso | 0-0: Ball 1-0: Called Strike 1-1: Swinging Strike 1-2: Foul Ball, location: 2F 1-2: SINGLE (Groundball, 56) (infield hit) Anthony Rucker to second | Batting: RHB José Flores | 0-0: Called Strike 0-1: Grounds into double play, 6-4-3 (Groundball, 6) | Bottom of the 2nd over - 2 runs, 4 hits, 0 errors, 1 left on base; Portland 1 - St. Louis 2 | TOP OF THE 3RD |
---|
Portland Cards batting - Pitching for St. Louis Browns : LHP Luis Noriega | Batting: RHB Jared Thompson | 0-0: Ball 1-0: Ball 2-0: Fly out, F8 (Flyball, 8RS) | Batting: RHB Dani Vázquez | 0-0: Called Strike 0-1: Ball 1-1: Called Strike 1-2: Ground out 1-3 (Groundball, 15) | Batting: RHB António Zúńiga | 0-0: Ground out 6-3 (Groundball, 6) | Top of the 3rd over - 0 runs, 0 hits, 0 errors, 0 left on base; Portland 1 - St. Louis 2 | BOTTOM OF THE 3RD |
---|
St. Louis Browns batting - Pitching for Portland Cards : LHP Kip Manning | Batting: RHB Carlos Alfaro | 0-0: Called Strike 0-1: Fly out, F7 (Flyball, 78XD) | Batting: RHB Adrian Prouse | 0-0: Called Strike 0-1: Ball 1-1: Swinging Strike 1-2: Ball 2-2: Ball 3-2: Base on Balls | Batting: RHB Javier Martínez | 0-0: Ball 1-0: Foul Ball, location: 2F 1-1: Ball 2-1: Swinging Strike 2-2: Strikes out swinging | Batting: LHB Junior Coates | 0-0: Called Strike 0-1: Swinging Strike 0-2: Ball 1-2: Ball Adrian Prouse is caught stealing 2nd base | Bottom of the 3rd over - 0 runs, 0 hits, 0 errors, 0 left on base; Portland 1 - St. Louis 2 | TOP OF THE 4TH |
---|
Portland Cards batting - Pitching for St. Louis Browns : LHP Luis Noriega | Batting: LHB Jeff Daniels | 0-0: Ball 1-0: Ball 2-0: Ball 3-0: Base on Balls | Batting: LHB Troy Donaldson | 0-0: Called Strike 0-1: Ball 1-1: Called Strike 1-2: Ball 2-2: Foul Ball, location: 2F 2-2: Fly out, F3 (Popup, 3F) | Batting: RHB Eugene Gill | 0-0: Ball 1-0: Swinging Strike 1-1: Called Strike 1-2: Ball 2-2: Strikes out swinging | Batting: RHB Aaron Scott | 0-0: Called Strike 0-1: Foul Ball, location: 2F 0-2: Ball 1-2: Ball 2-2: Foul Ball, location: 2F 2-2: Fly out, F4 (Popup, 34D) | Top of the 4th over - 0 runs, 0 hits, 0 errors, 1 left on base; Portland 1 - St. Louis 2 | BOTTOM OF THE 4TH |
---|
St. Louis Browns batting - Pitching for Portland Cards : LHP Kip Manning | Batting: LHB Junior Coates | 0-0: Foul Ball, location: 2F 0-1: Called Strike 0-2: Ball 1-2: Foul Ball, location: 2F 1-2: Ball 2-2: Ball 3-2: Base on Balls | Batting: RHB António Venecia | 0-0: Foul Ball, location: 2F 0-1: Swinging Strike 0-2: Ball 1-2: Strikes out swinging | Batting: LHB Mike Hill | 0-0: Ball 1-0: Ball 2-0: Fly out, F6 (Line Drive, 6) | Batting: RHB Anthony Rucker | 0-0: Called Strike 0-1: Swinging Strike 0-2: Ball 1-2: Ball 2-2: SINGLE (Flyball, 7LS) Junior Coates to second | Batting: RHB Manuel Alonso | 0-0: Called Strike 0-1: Ball 1-1: SINGLE (Groundball, 56D) Junior Coates to third Anthony Rucker to second Runner from 3rd tries for Home, SAFE, no throw | Batting: RHB José Flores | 0-0: Ball 1-0: Swinging Strike 1-1: Called Strike 1-2: Foul Ball, location: 2F 1-2: Ball 2-2: Foul Ball, location: 2F 2-2: Fly out, F7 (Flyball, 78S) | Bottom of the 4th over - 1 run, 2 hits, 0 errors, 2 left on base; Portland 1 - St. Louis 3 | TOP OF THE 5TH |
---|
Portland Cards batting - Pitching for St. Louis Browns : LHP Luis Noriega | Batting: LHB Chance Santry | 0-0: Foul Ball, location: 2F 0-1: SINGLE (Groundball, 34D) | Batting: RHB Mario Méndez | 0-0: 2-RUN HOME RUN (Flyball, 78XD), Distance : 419 ft | Batting: RHB Jared Thompson | 0-0: SINGLE (Groundball, 4MD) | Batting: RHB Dani Vázquez | 0-0: Ball 1-0: Called Strike 1-1: Called Strike 1-2: Ball 2-2: Ball 3-2: Base on Balls Jared Thompson to second | Batting: RHB António Zúńiga | 0-0: Called Strike 0-1: Foul Ball, location: 2F 0-2: Ball 1-2: Ball 2-2: SINGLE (Line Drive, 4D) Jared Thompson to third Dani Vázquez to second | Batting: LHB Jeff Daniels | 0-0: Ball 1-0: Foul Ball, location: 2F 1-1: Foul Ball, location: 2F 1-2: Strikes out swinging | Batting: LHB Troy Donaldson | 0-0: Ball 1-0: Foul Ball, location: 2F 1-1: Called Strike 1-2: Ball 2-2: Ball 3-2: Base on Balls Jared Thompson scores Dani Vázquez to third António Zúńiga to second | Batting: RHB Eugene Gill | 0-0: Called Strike 0-1: Swinging Strike 0-2: Ball 1-2: Ball 2-2: Ball 3-2: Foul Ball, location: 2F 3-2: Strikes out swinging | Batting: RHB Aaron Scott | 0-0: Called Strike 0-1: Ball 1-1: Ball 2-1: Ball 3-1: Base on Balls Dani Vázquez scores António Zúńiga to third Troy Donaldson to second | Pitching: LHP Nick Clayton | | Batting: LHB Chance Santry | 0-0: Called Strike 0-1: SINGLE (Groundball, 3D) António Zúńiga scores Troy Donaldson to third Aaron Scott to second Runner from 3rd tries for Home, SAFE, throw made home | Batting: RHB Mario Méndez | 0-0: Ball 1-0: Swinging Strike 1-1: Called Strike 1-2: Ball 2-2: Ball 3-2: Foul Ball, location: 2F 3-2: Strikes out looking | Top of the 5th over - 6 runs, 5 hits, 0 errors, 2 left on base; Portland 7 - St. Louis 3 | BOTTOM OF THE 5TH |
---|
St. Louis Browns batting - Pitching for Portland Cards : LHP Kip Manning | Batting: RHB Carlos Alfaro | 0-0: Ball 1-0: SOLO HOME RUN (Flyball, 7LD), Distance : 362 ft | Batting: RHB Adrian Prouse | 0-0: Called Strike 0-1: Ball 1-1: Called Strike 1-2: Strikes out swinging | Batting: RHB Javier Martínez | 0-0: Called Strike 0-1: Fly out, F8 (Flyball, 8RS) | Batting: LHB Junior Coates | 0-0: Ball 1-0: Foul Ball, location: 2F 1-1: Ball 2-1: Ball 3-1: Foul Ball, location: 2F 3-2: Base on Balls | Batting: RHB António Venecia | 0-0: Called Strike 0-1: Fly out, F7 (Flyball, 7LDF) | Bottom of the 5th over - 1 run, 1 hit, 0 errors, 1 left on base; Portland 7 - St. Louis 4 | TOP OF THE 6TH |
---|
Portland Cards batting - Pitching for St. Louis Browns : LHP Nick Clayton | Batting: RHB Jared Thompson | 0-0: Called Strike 0-1: Called Strike 0-2: Ball 1-2: Ball 2-2: Strikes out swinging | Batting: RHB Dani Vázquez | 0-0: Ball 1-0: Foul Ball, location: 2F 1-1: Swinging Strike 1-2: Strikes out swinging | Batting: RHB António Zúńiga | 0-0: Ball 1-0: Called Strike 1-1: Called Strike 1-2: Ball 2-2: Strikes out swinging | Top of the 6th over - 0 runs, 0 hits, 0 errors, 0 left on base; Portland 7 - St. Louis 4 | BOTTOM OF THE 6TH |
---|
St. Louis Browns batting - Pitching for Portland Cards : LHP Kip Manning | Pitching: RHP Ron Biller | | Batting: LHB Mike Hill | 0-0: Called Strike 0-1: Ground out 5-3 (Groundball, 56) | Batting: RHB Anthony Rucker | 0-0: Ball 1-0: Ball 2-0: Called Strike 2-1: Ball 3-1: Fly out, F7 (Flyball, 78S) | Batting: RHB Manuel Alonso | 0-0: Foul Ball, location: 2F 0-1: Swinging Strike 0-2: Fly out, F7 (Flyball, 7) | Bottom of the 6th over - 0 runs, 0 hits, 0 errors, 0 left on base; Portland 7 - St. Louis 4 | TOP OF THE 7TH |
---|
Portland Cards batting - Pitching for St. Louis Browns : LHP Nick Clayton | Batting: LHB Jeff Daniels | 0-0: Hit by Pitch | Batting: LHB Troy Donaldson | 0-0: Ball 1-0: Foul Ball, location: 2F 1-1: Ball 2-1: Foul Ball, location: 2F 2-2: 2-RUN HOME RUN (Flyball, 89XD), Distance : 377 ft | Batting: RHB Eugene Gill | 0-0: Ball 1-0: Foul Ball, location: 2F 1-1: Foul Ball, location: 2F 1-2: Strikes out looking | Batting: RHB Aaron Scott | 0-0: Called Strike 0-1: Ball 1-1: Ball 2-1: Foul Ball, location: 2F 2-2: Strikes out looking | Batting: LHB Chance Santry | 0-0: Ball 1-0: Called Strike 1-1: Ball 2-1: Called Strike 2-2: Strikes out swinging | Top of the 7th over - 2 runs, 1 hit, 0 errors, 0 left on base; Portland 9 - St. Louis 4 | BOTTOM OF THE 7TH |
---|
St. Louis Browns batting - Pitching for Portland Cards : RHP Ron Biller | Batting: RHB José Flores | 0-0: Called Strike 0-1: Called Strike 0-2: Foul Ball, location: 2F 0-2: Foul Ball, location: 2F 0-2: Ball 1-2: Ground out 4-3 (Groundball, 4) | Batting: RHB Carlos Alfaro | 0-0: Ground out 2-3 (Groundball, 2L) | Batting: RHB Adrian Prouse | 0-0: Ball 1-0: Ball 2-0: Ball 3-0: Base on Balls | Batting: RHB Javier Martínez | 0-0: Called Strike 0-1: Swinging Strike 0-2: Ball 1-2: Ball 2-2: Foul Ball, location: 2F 2-2: Ground out 4-3 (Groundball, 34) | Bottom of the 7th over - 0 runs, 0 hits, 0 errors, 1 left on base; Portland 9 - St. Louis 4 | TOP OF THE 8TH |
---|
Portland Cards batting - Pitching for St. Louis Browns : LHP Nick Clayton | Batting: RHB Mario Méndez | 0-0: Swinging Strike 0-1: Foul Ball, location: 2F 0-2: Fly out, F5 (Line Drive, 5) | Batting: RHB Jared Thompson | 0-0: Ground out 4-3 (Groundball, 4) | Batting: RHB Dani Vázquez | 0-0: Swinging Strike 0-1: Foul Ball, location: 2F 0-2: Ball 1-2: Ball 2-2: DOUBLE (Groundball, 5L) | Batting: RHB António Zúńiga | 0-0: Called Strike 0-1: Ball 1-1: Ball 2-1: Foul Ball, location: 2F 2-2: SINGLE (Line Drive, 34D) Dani Vázquez to third Runner from 3rd tries for Home, SAFE, throw made home | Batting: LHB Jeff Daniels | 0-0: Ball 1-0: Ball 2-0: DOUBLE (Flyball, 8LXD) António Zúńiga to third Runner from 3rd tries for Home, SAFE, no throw | Batting: LHB Troy Donaldson | 0-0: Ground out 5-3 (Groundball, 56S) | Top of the 8th over - 2 runs, 3 hits, 0 errors, 1 left on base; Portland 11 - St. Louis 4 | BOTTOM OF THE 8TH |
---|
St. Louis Browns batting - Pitching for Portland Cards : RHP Ron Biller | Now at 1B: Gabriel Miranda | | Now at SS: Jesús Gutiérrez | | Batting: LHB Junior Coates | 0-0: Called Strike 0-1: Ball 1-1: Swinging Strike 1-2: Foul Ball, location: 2F 1-2: Ball 2-2: Foul Ball, location: 2F 2-2: Ball 3-2: Foul Ball, location: 2F 3-2: Foul Ball, location: 2F 3-2: Foul Ball, location: 2F 3-2: SINGLE (Groundball, 34D) | Batting: RHB António Venecia | 0-0: Called Strike Balk! Junior Coates to second 0-1: Ball 1-1: Ball 2-1: Foul Ball, location: 2F 2-2: Foul Ball, location: 2F 2-2: Foul Ball, location: 2F 2-2: Foul Ball, location: 2F 2-2: Foul Ball, location: 2F 2-2: Strikes out swinging | Batting: LHB Mike Hill | 0-0: Ball 1-0: Foul Ball, location: 2F 1-1: Foul Ball, location: 2F 1-2: Foul Ball, location: 2F 1-2: Ball 2-2: Foul Ball, location: 2F 2-2: Foul Ball, location: 2F 2-2: Ground out 4-3 (Groundball, 4M) Junior Coates to third | Batting: RHB Anthony Rucker | 0-0: Ball 1-0: Called Strike 1-1: SINGLE (Line Drive, 6MD) Junior Coates scores | Batting: RHB Manuel Alonso | 0-0: Called Strike 0-1: Swinging Strike 0-2: Ball 1-2: Fly out, F6 (Popup, 56D) | Bottom of the 8th over - 1 run, 2 hits, 0 errors, 1 left on base; Portland 11 - St. Louis 5 | TOP OF THE 9TH |
---|
Portland Cards batting - Pitching for St. Louis Browns : LHP Nick Clayton | Batting: RHB Eugene Gill | 0-0: Foul Ball, location: 2F 0-1: Ball 1-1: SOLO HOME RUN (Flyball, 7LD), Distance : 362 ft | Batting: RHB Aaron Scott | 0-0: Called Strike 0-1: Called Strike 0-2: SINGLE (Flyball, 89M) | Batting: LHB Chance Santry | 0-0: Ball 1-0: Foul Ball, location: 2F 1-1: Ball 2-1: Ball 3-1: Base on Balls Aaron Scott to second | Batting: RHB Mario Méndez | 0-0: Called Strike 0-1: Ball 1-1: Swinging Strike 1-2: Ball 2-2: Strikes out looking | Batting: RHB Jared Thompson | 0-0: Ball Wild Pitch! Aaron Scott to third Chance Santry to second 1-0: Called Strike 1-1: Swinging Strike 1-2: Ball 2-2: Ground out 6-3 (Groundball, 6M) Aaron Scott scores Chance Santry to third | Batting: RHB Jesús Gutiérrez | 0-0: Ball 1-0: Ball 2-0: Foul Ball, location: 2F 2-1: Foul Ball, location: 2F 2-2: Foul Ball, location: 2F 2-2: Ball 3-2: Ground out 4-3 (Groundball, 4S) | Top of the 9th over - 2 runs, 2 hits, 0 errors, 1 left on base; Portland 13 - St. Louis 5 | BOTTOM OF THE 9TH |
---|
St. Louis Browns batting - Pitching for Portland Cards : RHP Ron Biller | Now at 3B: Willie Houk | | Batting: RHB José Flores | 0-0: Ball 1-0: Called Strike 1-1: Ball 2-1: Ground out U3 (Groundball, 3S) | Pitching: RHP Gustavo Ramos | | Batting: RHB Carlos Alfaro | 0-0: Ball 1-0: Ball 2-0: Called Strike 2-1: Ball 3-1: Called Strike 3-2: Base on Balls | Batting: RHB Adrian Prouse | 0-0: Ball 1-0: Ball 2-0: Fly out, F7 (Flyball, 7LM) | Batting: RHB Javier Martínez | 0-0: Ball 1-0: Fielders Choice at 2nd, 5-4 (Groundball, 56) | Bottom of the 9th over - 0 runs, 0 hits, 0 errors, 1 left on base; Portland 13 - St. Louis 5 | |